 Dungeon Crawl Stone Soup version 0.27.1-4-g1640c2035a (webtiles) character file.

Game seed: 5787375275482126073

479 Iepvzaeh the Poker (level 6, 0/56 HPs)
             Began as a Minotaur Berserker on Nov 2, 2021.
             Was a Priest of Trog.
             Succumbed to a water moccasin's poison
             ... on level 4 of the Dungeon.
             The game lasted 00:08:45 (3062 turns).

Iepvzaeh the Poker (Minotaur Berserker)             Turns: 3062, Time: 00:08:45

Health: 0/56       AC: 15    Str: 22    XL:     6   Next: 86%
Magic:  5/5        EV: 11    Int:  4    God:    Trog [***...]
Gold:   162        SH:  0    Dex: 11    Spells: 5/5 levels left

rFire    + + .     SeeInvis .   a - +2 mace (protect)
rCold    . . .     Faith    .   (no shield)
rNeg     . . .     Spirit   .   v - +0 scale mail
rPois    +         Reflect  .   (helmet restricted)
rElec    +         Harm     .   m - +0 cloak
rCorr    +         Rampage  .   (no gloves)
Will     .....                  (no boots)
Stlth    ..........             (no amulet)
HPRegen  0.18/turn              s - ring of fire
MPRegen  0.09/turn              (no ring)

@: lethally poisoned (0 -> -13), resistant, under a protective aura
A: horns 2, retaliatory headbutt
a: Renounce Religion, Berserk, Trog's Hand


You were on level 4 of the Dungeon.
You worshipped Trog.
Trog was most pleased with you.
You visited 1 branch of the dungeon, and saw 4 of its levels.

You collected 162 gold pieces.

Inventory:

Hand Weapons
 a - a +2 mace of protection (weapon)
 u - a +0 trident
 w - a +0 hunting sling
Missiles
 c - 100 arrows
 f - 44 bolts
Armour
 h - a +0 ring mail
 m - a +0 cloak (worn)
 v - a +0 scale mail (worn)
Jewellery
 s - a ring of fire (left hand)
Scrolls
 b - 2 scrolls of fear {unknown}
 e - a scroll of brand weapon {unknown}
 i - a scroll of vulnerability {unknown}
 j - 3 scrolls of identify {unknown}
 n - a scroll of immolation {unknown}
 o - a scroll of teleportation {unknown}
 q - a scroll of noise {unknown}
 y - a scroll of silence {unknown}
Potions
 d - 3 potions of resistance
 g - 2 potions of cancellation {unknown}
 k - a potion of might {unknown}
 l - a potion of mutation {unknown}
 p - a potion of curing {unknown}
 r - a potion of attraction {unknown}
 t - a potion of lignification {unknown}
 x - a potion of flight {unknown}


   Skills:
 + Level 5.0 Fighting
 + Level 1.1 Maces & Flails
 + Level 6.7 Polearms
 + Level 1.0 Throwing
 + Level 4.2 Armour
 + Level 3.7 Dodging
 + Level 0.2 Stealth


You had 5 spell levels left.
You didn't know any spells.
Your spell library was empty.

Dungeon Overview and Level Annotations

Branches:
Dungeon (4/15)
 Temple: D:4-7

Altars:
Qazlal

Shops:
D:4 **


Innate Abilities, Weirdness & Mutations

You have a pair of horns on your head.
You reflexively headbutt those who attack you in melee.


Message History

The water moccasin poisons you! The adder closely misses you.
You furiously retaliate!
You headbutt the adder!
You kill the adder!
Trog accepts your kill. The water moccasin barely misses you.
You sock the water moccasin!
Your headbutt misses the water moccasin.
The water moccasin is severely wounded.
You feel very sick. The water moccasin barely misses you.
The adder closely misses you. The water moccasin barely misses you.
You feel very sick. The water moccasin bites you.
The adder bites you but does no damage.
The water moccasin bites you but does no damage.
You are too injured to fight recklessly!
You feel very sick.
You are too injured to fight recklessly!
You are too injured to fight recklessly!
You are too injured to fight recklessly!
You are too injured to fight recklessly!
You sock the water moccasin!
The water moccasin is almost dead.
You feel sick. The water moccasin bites you.
* * * LOW HITPOINT WARNING * * *
You are lethally poisoned!
The water moccasin poisons you! The water moccasin closely misses you.
You miss the water moccasin.
You headbutt the water moccasin, but do no damage.
The water moccasin is almost dead.
* * * LOW HITPOINT WARNING * * *
You feel very sick. The water moccasin barely misses you.
The water moccasin bites you.
* * * LOW HITPOINT WARNING * * *
Unknown command.
Okay, then.
Okay, then.
You aren't carrying any items that you can evoke without wielding.
It was a potion of resistance.
You feel protected.
You die...

###..##............##....#
#..............#######...### #
)).......#####.# ##....# .#
##.#.#..## ##.# #..#.# #.#
...#.#..# #..# ##...##..#
.........####### ##...#..#
.###....##...### #.......#
.###.....+.∩.†S########.)[....#
......### #SS@...>##.......#
......# #######..........# #
....#<## ####.......##. .......#
#.......... ....#..# #..........
.).....## ##..........
........### ###...........
)...#.><..##########...#####.##..
......##.............### #.).##..


You could see a water moccasin, an adder and a ball python.

Vanquished Creatures
  A scorpion (D:4)
  A water moccasin skeleton (D:4)
  2 orc priests (D:3)
  Jessica (D:2)
  A gnoll shaman (D:4)
  An orc wizard (D:3)
  Natasha (D:3)
  4 gnolls (D:4)
  7 adders
  An adder skeleton (D:4)
  4 dart slugs
  9 orcs
  5 ball pythons
  9 endoplasms
  A giant cockroach (D:4)
  8 hobgoblins
  12 jackals
  3 quokkas
  6 bats
  8 frilled lizards
  4 kobolds
  8 rats
97 creatures vanquished.

Notes
Turn   | Place    | Note
-------+----------+-------------------------------------------
     0 | D:1      | Iepvzaeh the Minotaur Berserker began the quest for the
                  | Orb.
     0 | D:1      | Reached XP level 1. HP: 19/19 MP: 0/0
   300 | D:1      | Reached XP level 2. HP: 27/27 MP: 1/1
   335 | D:1      | Reached skill level 4 in Polearms
   762 | D:1      | Found a faded altar of an unknown god.
   846 | D:1      | Reached XP level 3. HP: 33/33 MP: 2/2
  1172 | D:2      | Reached ** piety under Trog
  1443 | D:2      | Noticed Jessica
  1449 | D:2      | Killed Jessica
  1450 | D:2      | Reached XP level 4. HP: 41/41 MP: 3/3
  1486 | D:2      | Reached skill level 5 in Polearms
  1902 | D:3      | Reached XP level 5. HP: 47/47 MP: 4/4
  1948 | D:3      | Noticed Natasha
  1955 | D:3      | Killed Natasha
  2027 | D:3      | Reached *** piety under Trog
  2072 | D:3      | Reached skill level 6 in Polearms
  2078 | D:3      | Reached XP level 6. HP: 28/53 MP: 5/5
  2684 | D:4      | Noticed an air elemental
  2686 | D:4      | Found a stormy altar of Qazlal.
  2689 | D:4      | Noticed a fire elemental
  2689 | D:4      | Noticed a water elemental
  2877 | D:4      | Reached skill level 1 in Maces & Flails
  2877 | D:4      | Reached skill level 1 in Throwing
  2881 | D:4      | Reached skill level 5 in Fighting
  2990 | D:4      | Found Kotit's General Store.
  3052 | D:4      | Found Foll's Serpentskin Sales.
  3052 | D:4      | Noticed a water moccasin
  3061 | D:4      | HP: 2/56 [water moccasin (5)]
  3062 | D:4      | Succumbed to a water moccasin's poison

Illustrated notes

Levels and vault maps discovered:
D:1:      wander_arrival_estate, layout_loops_ring,
          hellmonk_ecumenical_altar_inner_sanctum, serial_bayou_crossing
D:2:      layout_rooms, kennysheep_jessica_study
D:3:      layout_basic, grunt_decor_resistance, kennysheep_generic_room_6,
          uniq_natasha
D:4:      layout_rooms, nicolae_qazlal_style_of_elements, portal_sewer_entry_e,
          serial_shops, shop, minmay_misc_feat_more_columns, guppyfry_shop_venom

Skill      XL: |  1  2  3  4  5  6 |
---------------+-------------------+-----
Polearms       | 4 5 6 |  6.7
Fighting       | 4 5 |  5.0
Armour         | 3 4 |  4.2
Dodging        | 3 |  3.7
Maces & Flails | 1 |  1.1
Throwing       | 1 |  1.0
Stealth        | |  0.2

Action                   |  1- 3 |  4- 6 || total
-------------------------+-------+-------++-------
Melee: Spear             |    80 |       ||    80
       Headbutt          |    11 |    20 ||    31
       Trident           |    27 |   102 ||   129
       Mace              |       |    41 ||    41
Throw: Boomerang         |       |    25 ||    25
  Use: Potion            |       |     1 ||     1
Armor: Animal skin       |     1 |       ||     1
       Ring mail         |    25 |    34 ||    59
       Scale mail        |       |    27 ||    27
Dodge: Dodged            |    52 |    97 ||   149
